 Dungeon Crawl Stone Soup version 0.30-a0-1016-gfb0d676c02 (webtiles) character file.

Game seed: 4398350556102940356

198 porpoise the Shooter (level 5, -2/33 HPs)
             Began as a Tengu Hunter on Apr 7, 2023.
             Slain by an adder (3 damage)
             ... in a sewer.
             The game lasted 00:04:51 (1535 turns).

porpoise the Shooter (Tengu Hunter)                 Turns: 1535, Time: 00:04:51

Health: -2/33      AC:  6    Str: 11    XL:     5   Next: 77%
Magic:  6/6        EV: 10    Int:  9    God:
Gold:   123        SH:  0    Dex: 20    Spells: 4/4 levels left

rFire   + . .      SeeInvis .    a - +0 shortbow
rCold   + + .      Faith    .    (shield currently unavailable)
rNeg    . . .      Spirit   .    i - +0 ring mail of Distant Shores {rElec rF+ rC+ Slay+2}
rPois   +          Reflect  .    (helmet restricted)
rElec   +          Rampage  .    (no cloak)
rCorr   .                        f - +0 pair of gloves
Will    .....                    (boots unavailable)
Stlth   +                        (no amulet)
HPRegen 0.25/turn                (no ring)
MPRegen 0.10/turn                (no ring)

@: lethally poisoned (-2 -> -13), flying quickly and evasively, constricted,
quick
A: beak, talons 3, nimble flight, cold resistance 1, poison resistance,
MP-powered wands
a: no special abilities


You were in a sewer.
You visited 1 branch of the dungeon, and saw 3 of its levels.
You also visited: Sewer.

You collected 123 gold pieces.

Inventory:

Hand Weapons
 a - a +0 shortbow (weapon)
Armour
 f - a +0 pair of gloves (worn)
 i - the +0 ring mail of Distant Shores (worn) {rElec rF+ rC+ Slay+2}
   (You found it on level 2 of the Dungeon)

   Slay:      It affects your accuracy & damage with ranged weapons and melee
   (+2).
   rF:        It protects you from fire.
   rC:        It protects you from cold.
   rElec:     It insulates you from electricity.
 l - an orb of energy
Scrolls
 b - 2 scrolls of immolation
 d - a scroll of poison {unknown}
Potions
 h - a potion of flight


   Skills:
 + Level 4.3 Fighting
 + Level 6.1 Ranged Weapons
 - Level 2.1 Dodging
 - Level 1.0 Stealth


You had 4 spell levels left.
You didn't know any spells.
Your spell library contained the following spells:

 Spells                   Type           Power      Damage    Failure   Level
 Summon Lightning Spire   Summ/Air       0%         N/A       100%        4
 Storm Form               Tmut/Air       0%         N/A       100%        7
 Maxwell's Capacitive Co  Air            0%         ∞         100%        8


Dungeon Overview and Level Annotations

Branches:
Dungeon (3/15)              Sewer (1/1)

Altars:


Innate Abilities, Weirdness & Mutations

You have a beak for a mouth.
You have claws for feet.
Your magical nature lets you fly swiftly and evasively.
Your flesh is cold resistant. (rC+)
Your system is resistant to poisons. (rPois)
You expend magic power (3 MP) to strengthen your wands.


Message History

You shoot an arrow. The arrow misses the adder.
The adder bites you.
The ball python bites you but does no damage.
The ball python constricts you. The adder misses you.
Fire: a) +0 shortbow
Press: ? - help, Q - select action Shift-Dir - straight line, f/p - adder
Aim: an adder (almost dead, 55% to hit)
You shoot an arrow. The arrow misses the adder.
The ball python bites you but does no damage.
The ball python constricts you. The adder bites you.
You are poisoned.
The adder poisons you!
The ball python bites you but does no damage.
The ball python constricts you. The adder bites you.
* * * LOW HITPOINT WARNING * * *
You are lethally poisoned!
The adder poisons you!
Fire: a) +0 shortbow
Press: ? - help, Q - select action Shift-Dir - straight line, f/p - adder
Aim: an adder (almost dead, 55% to hit)
You shoot an arrow. The arrow closely misses the adder.
* * * LOW HITPOINT WARNING * * *
You feel very sick. The ball python barely misses you.
The ball python constricts you. The adder bites you but does no damage.
The ball python bites you but does no damage.
The ball python constricts you. The adder bites you.
* * * LOW HITPOINT WARNING * * *
You are more poisoned.
The adder poisons you!
Really quaff the potion of mutation?
You feel extremely strange.
You feel resistant to cold.
You feel your magical essence link to the dungeon's wands.
You feel resistant to poisons.
* * * LOW HITPOINT WARNING * * *
You feel very sick. The ball python barely misses you.
The ball python constricts you. The adder bites you.
You die...

≈≈≈≈≈≈~≈.~≈~.# #.#
≈.≈≈≈≈≈≈.~≈~.# #.#
~~.≈≈≈≈≈.~≈~.# #∩#
~.(~≈≈≈≈~~≈~.# #.#
.)$?.≈≈≈~~≈~.# #∩#
≈?(..≈≈≈≈~≈~.# #.#
≈~~~~.≈≈~≈≈~.# ###
..~~~~≈~≈~≈S.#
....~~≈~≈~≈S@#
.~~≈.~≈≈~≈≈~.#
.~≈≈~≈≈≈~≈≈~.#
≈≈≈~≈≈≈≈~≈≈~.#
≈≈≈≈~≈≈≈≈≈~~≈~.#
#≈≈~≈≈≈≈≈≈.~≈~.#
####≈≈~≈~~~~.~≈~.#
~≈≈≈≈≈~~~~..~~≈~.#
≈≈≈≈≈~~~~~~~~≈≈~.#


You could see an adder and a ball python.

Vanquished Creatures
  2 bullfrogs (Sewer)
  2 adders
  A worm (D:3)
  A dart slug (D:2)
  2 bats
  5 endoplasms
  5 giant cockroaches
  2 goblins (D:2)
  7 jackals
  2 kobolds
  3 quokkas
  7 ball pythons
  9 frilled lizards (Sewer)
  3 rats
51 creatures vanquished.

Notes
Turn   | Place    | Note
-------+----------+-------------------------------------------
     0 | D:1      | porpoise the Tengu Hunter began the quest for the Orb.
     0 | D:1      | Reached XP level 1. HP: 12/12 MP: 2/2
   347 | D:1      | Reached XP level 2. HP: 17/18 MP: 3/3
   552 | D:1      | Found a faded altar of an unknown god.
   693 | D:2      | Identified the +0 ring mail of Distant Shores {rElec rF+
                  | rC+ Slay+2}
   790 | D:2      | Reached XP level 3. HP: 22/22 MP: 4/4
   905 | D:2      | Reached skill level 5 in Ranged Weapons
  1259 | D:3      | Found a glowing drain.
  1284 | Sewer    | Entered a sewer
  1386 | Sewer    | Reached XP level 4. HP: 28/28 MP: 5/5
  1434 | Sewer    | Noticed a bullfrog
  1445 | Sewer    | Killed a bullfrog
  1446 | Sewer    | Gained mutation: Your magical nature lets you fly swiftly
                  | and evasively. [Tengu growth]
  1446 | Sewer    | Reached XP level 5. HP: 19/33 MP: 6/6
  1525 | Sewer    | Reached skill level 6 in Ranged Weapons
  1535 | Sewer    | Gained mutation: Your flesh is cold resistant. (rC+)
                  | [potion of mutation]
  1535 | Sewer    | Gained mutation: You expend magic power (3 MP) to
                  | strengthen your wands. [potion of mutation]
  1535 | Sewer    | Gained mutation: Your system is resistant to poisons.
                  | (rPois) [potion of mutation]
  1535 | Sewer    | HP: 1/33 [poisoned by an adder]
  1535 | Sewer    | Slain by an adder

Illustrated notes

Levels and vault maps discovered:
D:1:      lightli_arrival_lavapool, layout_basic, shapermc_ecumenical_altar_gd,
          minmay_cut_off
D:2:      layout_basic, st_stairs_1
D:3:      minmay_general_purpose_star, layout_basic, okawaru_metal_pillars_1_2,
          mainiacjoe_overflow_large_starburst, cheibrodos_sewer_entry_bend,
          st_stairs_6, minmay_splitting_lines
Sewer:    sewer_frog_island_01

Skill      XL: |  1  2  3  4  5 |
---------------+----------------+-----
Ranged Weapons | 5 6 |  6.1
Fighting       | 3 4 |  4.3
Dodging        | |  2.1
Stealth        | |  1.0

Action                     |  1- 3 |  4- 6 || total
---------------------------+-------+-------++-------
   Fire: Shortbow          |    97 |    33 ||   130
    Use: Scroll            |     6 |       ||     6
         Potion            |       |     5 ||     5
 Armour: Leather armour    |     8 |       ||     8
         Ring mail         |    13 |    30 ||    43
  Dodge: Dodged            |    26 |    50 ||    76

Table legend: (Time is in decaauts)
 A = Elapsed time spent in this place.
 B = Non-inter-level travel time spent in this place.
 C = Inter-level travel time spent in this place.
 D = Time resting spent in this place.
 E = Time spent auto-exploring this place.
 F = Levels seen in this place.
 G = Mean time per level.
                   A        B        C        D        E       F      G
               +--------+--------+--------+--------+--------+-----+--------+
         Total |   1604 |   1554 |     50 |     64 |   1120 |   4 |  401.0 |
       Dungeon |   1313 |   1263 |     50 |     13 |   1003 |   3 |  437.7 |
         Sewer |    291 |    291 |      0 |     51 |    117 |   1 |  291.0 |
               +--------+--------+--------+--------+--------+-----+--------+

Top non-repeatable levels by time:
     D:1: 691 daAuts
     D:2: 565 daAuts
   Sewer: 291 daAuts
     D:3: 57 daAuts
